 Dungeon Sprint DCSS version 0.20.1-1-g8b1a95d (webtiles) character file.

7760 Lanoc the Imperceptible (level 11, -3/64 HPs)
             Began as a Spriggan Assassin on Nov 29, 2017.
             Was a High Priest of Dithmenos.
             Killed by triggering an arrow trap (12 damage)
             ... in the Dungeon (Sprint I: "Red Sonja").
             The game lasted 00:12:00 (1846 turns).

Lanoc the Imperceptible (Spriggan Assassin)         Turns: 1846, Time: 00:12:01

Health: -3/64      AC:  2    Str:  2 (3)  XL:     11   Next: 1%
Magic:  8/8        EV: 19    Int: 13      God:    Dithmenos [*****.]
Gold:   1173       SH:  0    Dex: 21      Spells: 10/10 levels left

rFire    . . .     SeeInvis +   p - +2 dagger (distort)
rCold    . . .     Gourm    .   (shield restricted)
rNeg     . . .     Faith    .   o - -2 robe (curse)
rPois    .         Spirit   .   (helmet restricted)
rElec    .         Reflect  .   d - +0 cloak
rCorr    .         Harm     .   (gloves unavailable)
MR       +....     NoTele   +   (boots unavailable)
Stlth    +++++.....             (no amulet)
Regen    0.2/turn               (no ring)
MPRegen  0.2/turn               (no ring)

@: confused, wreathed by umbra, very quick
A: unfitting armour, molten scales 1, see invisible, deformed body,
deterioration 2, herbivore 3, speed 3, low mp 3, screaming 1, slow metabolism 2,
weak 2, subdued magic 1, MP-powered wands
a: Shadow Step, Shadow Form, Renounce Religion


You were in the Dungeon.
You worshipped Dithmenos.
Dithmenos was extremely pleased with you.
You were not hungry.

You visited 1 branch You collected 1173 gold pieces.

Inventory:

Hand Weapons
 a - a +2 dagger
 b - a +0 blowgun
 p - a +2 dagger of distortion (weapon)
 u - a +0 arbalest
Missiles
 e - 8 poisoned needles
 f - 7 curare-tipped needles
 v - a throwing net (quivered)
Armour
 c - a +0 robe
 d - a +0 cloak (worn)
 o - a cursed -2 robe (worn)
 q - a +0 troll leather armour
Wands
 l - a wand of polymorph (6/24)
 r - a wand of paralysis (18/24)
Scrolls
 m - a scroll of blinking
 n - a scroll of enchant weapon {unknown}
 s - a scroll of fear {unknown}
 t - a scroll of fog {unknown}
Potions
 h - 4 potions of curing
 i - a potion of heal wounds
 j - a potion of haste
 k - 2 potions of magic
Comestibles
 g - 2 bread rations


   Skills:
 + Level 10.3 Fighting
 * Level 17.4 Short Blades
 - Level 2.0 Throwing
 + Level 3.6 Dodging
 * Level 23.5 Stealth


You had 10 spell levels left.
You didn't know any spells.

Dungeon Overview and Level Annotations

Branches:
Dungeon (1/1)

Altars:
Cheibriados
Dithmenos
Elyvilon
Fedhas
Gozag
Hepliaklqana
Kikubaaqudgha
Makhleb
Nemelex Xobeh
Okawaru
Qazlal
Ru
Sif Muna
Trog
Uskayaw
Vehumet
Xom
Yredelemnul
Zin
The Shining One
Jiyva
Lugonu

Shops:
D }[[


Innate Abilities, Weirdness & Mutations

You are very small and have problems with some larger weapons.
You are too small for most types of armour.
You have supernaturally acute eyesight. (SInv)
You are a herbivore.
You cover ground extremely quickly.
You need consume almost no food.
You are partially covered in molten scales. (AC +2)
Armour fits poorly on your strangely shaped body.
Your body often deteriorates upon taking damage.
Your magical capacity is extremely low. (-30% MP)
You occasionally shout uncontrollably at your foes.
You are very weak. (Str -4)
Your spells are a little easier to cast, but a little less powerful.
You expend magic power (3 MP) to strengthen your wands.


Message History

You are more confused.
* * * LOW HITPOINT WARNING * * *
You bump into the stone wall.
You bump into the closed door.
You bump into the stone wall.
You are engulfed in noxious fumes.
You choke on the stench!
You are more confused.
* * * LOW HITPOINT WARNING * * *
You bump into the stone wall.
You are engulfed in noxious fumes.
You choke on the stench!
You are more confused.
You bump into the closed door.
You are engulfed in noxious fumes.
You choke on the stench!
You are more confused.
* * * LOW HITPOINT WARNING * * *
You are engulfed in noxious fumes.
You choke on the stench!
You are more confused.
You are engulfed in noxious fumes.
An arrow shoots out and hits you!
You die...

#######################
)'..#__#..'...#.(#.§§§+
.#..'..'..#)).##§#§####
###'#__####...'§§#.#
..#(####§§#####.§'.#
.##[#§§§§)#..##'####
'#..'≈§§§§§.†#.^@..#
..._#§§§.§#..#§§...+
_.#'##+#####'###§§§#
#'#(#[...###.§.#.§^#
#.####'###(###§#.§##
...'.....'(∩##.#..#
.).###########§##'#
#.### #§##.# #'#.#
+§####


There were no monsters in sight!

Vanquished Creatures
  2 centaur warriors (D)
  Sonja (D)
  A deep troll (D)
  A lindwurm (D)
  An oklob plant (D)
  2 shining eyes (D)
  2 kobold demonologists (D)
  A demonic crawler (D)
  A hornet (D)
  A slime creature (D)
  Sigmund (D)
  2 redbacks (D)
  A yak (D)
  4 floating eyes (D)
  An ogre (D)
  A jelly (D)
  Ijyb (D)
  2 ballistomycetes (D)
26 creatures vanquished.

Vanquished Creatures (others)
  5 shining eyes (D)
  2 gargoyles (D)
  A floating eye (D)
  A ballistomycete (D)
  2 ballistomycete spores (D)
11 creatures vanquished.

Grand Total: 37 creatures vanquished

Notes
Turn   | Place    | Note
-------+----------+-------------------------------------------
     0 | D        | Lanoc the Spriggan Assassin began the quest for the Orb.
     0 | D        | Reached XP level 1. HP: 10/10 MP: 2/2
     1 | D        | Noticed Ijyb
    11 | D        | Killed Ijyb
    11 | D        | Reached skill level 8 in Stealth
    11 | D        | Reached XP level 2. HP: 16/16 MP: 3/3
    60 | D        | Noticed an ogre
    62 | D        | Killed an ogre
    62 | D        | Reached skill level 10 in Stealth
    62 | D        | Reached XP level 3. HP: 21/21 MP: 4/4
    62 | D        | Reached XP level 4. HP: 25/25 MP: 5/5
    71 | D        | Noticed Sigmund
    86 | D        | Killed Sigmund
    86 | D        | Reached skill level 12 in Stealth
    86 | D        | Reached XP level 5. HP: 7/30 MP: 6/6
   310 | D        | Found a burning altar of Makhleb.
   310 | D        | Found a viscous altar of Jiyva.
   310 | D        | Found a shimmering altar of Xom.
   310 | D        | Found a corrupted altar of Lugonu.
   310 | D        | Noticed a slime creature
   313 | D        | Killed a slime creature
   313 | D        | Reached skill level 5 in Fighting
   313 | D        | Reached skill level 10 in Short Blades
   313 | D        | Reached skill level 14 in Stealth
   313 | D        | Reached XP level 6. HP: 35/35 MP: 7/7
   315 | D        | Found a deep blue altar of Sif Muna.
   317 | D        | Found a radiant altar of Vehumet.
   323 | D        | Found Huif's Antique Armour Emporium.
   323 | D        | Found an ancient bone altar of Kikubaaqudgha.
   323 | D        | Found a hazy altar of Hepliaklqana.
   323 | D        | Found a stormy altar of Qazlal.
   323 | D        | Found a hide-covered altar of Uskayaw.
   323 | D        | Found a blossoming altar of Fedhas.
   323 | D        | Found a bloodstained altar of Trog.
   323 | D        | Found an iron altar of Okawaru.
   323 | D        | Found a basalt altar of Yredelemnul.
   323 | D        | Found a glowing golden altar of the Shining One.
   323 | D        | Found a snail-covered altar of Cheibriados.
   323 | D        | Found a sacrificial altar of Ru.
   323 | D        | Found a glowing silver altar of Zin.
   323 | D        | Found a shadowy altar of Dithmenos.
   323 | D        | Found a white marble altar of Elyvilon.
   323 | D        | Noticed a yak
   324 | D        | Found an opulent altar of Gozag.
   325 | D        | Killed a yak
   325 | D        | Reached skill level 15 in Stealth
   325 | D        | Reached XP level 7. HP: 40/40 MP: 8/8
   326 | D        | Found a sparkling altar of Nemelex Xobeh.
   333 | D        | Became a worshipper of Dithmenos the Shadowed
   366 | D        | Noticed Sonja
   370 | D        | Killed Sonja
   370 | D        | Reached skill level 17 in Stealth
   370 | D        | Reached XP level 8. HP: 46/46 MP: 9/9
   384 | D        | Noticed a deep troll
   388 | D        | Killed a deep troll
   388 | D        | Reached skill level 18 in Stealth
   417 | D        | Found Ymmoalouso's Armour Emporium.
   435 | D        | HP: 1/46 [something (16)]
   850 | D        | Found Jual's Gadget Boutique.
   861 | D        | Noticed a shining eye
   861 | D        | Noticed a shining eye
   861 | D        | Noticed a shining eye
   861 | D        | Noticed a shining eye
   861 | D        | Noticed a shining eye
   861 | D        | Noticed a shining eye
   863 | D        | Reached * piety under Dithmenos
   864 | D        | Noticed a shining eye
   864 | D        | Noticed a shining eye
   864 | D        | Gained mutation: Your body sometimes deteriorates upon taking damage. [a shining eye]
   868 | D        | Killed a shining eye
   868 | D        | Reached skill level 19 in Stealth
   868 | D        | Reached XP level 9. HP: 51/51 MP: 10/10
   870 | D        | Paralysed by a floating eye for 2 turns
   872 | D        | Gained mutation: You are weak. (Str -2) [a shining eye]
   876 | D        | Banished a shining eye
   880 | D        | Paralysed by a floating eye for 3 turns
   883 | D        | Gained mutation: Your body often deteriorates upon taking damage. [a shining eye]
   884 | D        | Gained mutation: Your mind is acute. (Int +2) [a shining eye]
   888 | D        | Gained mutation: You are very weak. (Str -4) [a shining eye]
   890 | D        | Gained mutation: Your magical capacity is low. (-10% MP) [a shining eye]
   894 | D        | Gained mutation: You are robust. (+10% HP) [a shining eye]
   897 | D        | Killed a shining eye
   897 | D        | Reached skill level 20 in Stealth
   898 | D        | Gained mutation: You expend magic power (3 MP) to strengthen your wands. [a shining eye]
   902 | D        | Paralysed by a floating eye for 2 turns
   903 | D        | Killed a shining eye
   907 | D        | Banished a shining eye
   907 | D        | Reached skill level 15 in Short Blades
   915 | D        | Paralysed by a floating eye for 4 turns
   917 | D        | Gained mutation: Your spells are a little easier to cast, but a little less powerful. [a shining eye]
   918 | D        | Lost mutation: You are very weak. (Str -4) [a shining eye]
   918 | D        | Gained mutation: You occasionally shout uncontrollably at your foes. [a shining eye]
   920 | D        | Gained mutation: Your magical capacity is very low. (-20% MP) [a shining eye]
   922 | D        | Lost mutation: Your mind is acute. (Int +2) [a shining eye]
   924 | D        | Banished a shining eye
   925 | D        | Gained mutation: You are partially covered in molten scales. (AC +2) [a shining eye]
   926 | D        | Gained mutation: Your magical capacity is extremely low. (-30% MP) [a shining eye]
   927 | D        | Paralysed by a floating eye for 4 turns
   928 | D        | Gained mutation: You are very weak. (Str -4) [a shining eye]
   929 | D        | Lost mutation: You are robust. (+10% HP) [a shining eye]
   932 | D        | Reached ** piety under Dithmenos
   933 | D        | Gained mutation: Armour fits poorly on your strangely shaped body. [a shining eye]
   945 | D        | Killed a shining eye
   945 | D        | Reached skill level 21 in Stealth
   945 | D        | Reached XP level 10. HP: 58/58 MP: 8/8
  1106 | D        | Killed a gargoyle
  1214 | D        | Noticed a centaur warrior
  1215 | D        | Noticed a centaur warrior
  1218 | D        | Killed a centaur warrior
  1221 | D        | Killed a centaur warrior
  1221 | D        | Reached skill level 22 in Stealth
  1234 | D        | Reached *** piety under Dithmenos
  1244 | D        | Noticed an oklob plant
  1246 | D        | Killed an oklob plant
  1256 | D        | Reached **** piety under Dithmenos
  1304 | D        | Reached skill level 10 in Fighting
  1313 | D        | Reached skill level 23 in Stealth
  1314 | D        | Paralysed by a floating eye for 3 turns
  1343 | D        | HP: 1/59 [demonic crawler (4)]
  1683 | D        | Noticed a lindwurm
  1685 | D        | Killed a lindwurm
  1685 | D        | Reached ***** piety under Dithmenos
  1696 | D        | Noticed a gargoyle
  1706 | D        | Banished a gargoyle
  1706 | D        | Reached XP level 11. HP: 59/64 MP: 8/8
  1846 | D        | Killed by triggering an arrow trap

Skill      XL: |  1  2  3  4  5  6  7  8  9 10 |
---------------+-------------------------------+-----
Fighting       | 2 3 4 5 6 7 8 9 10 | 10.3
Short Blades   | 4 6 8 10 12 13 15 17 | 17.4
Stealth        | 8 10 12 14 15 17 19 21 23 | 23.5
Dodging        | 3 |  3.6
Throwing       | |  2.0

Action                   |  1- 3 |  4- 6 |  7- 9 | 10-12 || total
-------------------------+-------+-------+-------+-------++-------
Melee: Dagger            |     6 |    16 |    84 |    37 ||   143
Evoke: Wand              |       |       |       |     1 ||     1
  Use: Potion            |     1 |       |       |     1 ||     2
 Stab: Sleeping          |     1 |     3 |     3 |     7 ||    14
Armor: Robe              |       |       |       |     1 ||     1
Dodge: Dodged            |     1 |     4 |       |    25 ||    30
